 Dungeon Crawl Stone Soup version 0.32-a0-818-gb728d0252e (webtiles) character file.

Game seed: 11885784696946559568

135 tilp the Vexing (level 4, 0/25 HPs)
             Began as a Vampire Enchanter on Mar 24, 2024.
             Slain by an orc
             ... wielding a +0 whip
              (4 damage)
             ... on level 3 of the Dungeon.
             The game lasted 00:02:42 (1502 turns).

tilp the Vexing (Vampire Enchanter)                 Turns: 1502, Time: 00:02:42

Health: 0/25       AC:  2    Str:  7    XL:     4   Next: 97%
Magic:  7/7        EV: 11    Int: 19    God:
Gold:   85         SH:  0    Dex: 14    Spells: 2/7 levels left

rFire   . . .        a - +2 dagger (venom)
rCold   + + .        (no shield)
rNeg    + + +        e - +0 robe
rPois   ∞            (no helmet)
rElec   .            (no cloak)
rCorr   .            (no gloves)
SInv    +            (no boots)
Will    .....        k - amulet of magic regeneration
Stlth   +++          (no ring)
HPRegen 0.00/turn    (no ring)
MPRegen 0.50/turn

%: no passive effects
@: confused, bloodless, inhibited regen
A: bloodless, fangs 3, see invisible, vampiric 2
a: Bat Form, Revivify


You were on level 3 of the Dungeon.
You visited 1 branch of the dungeon, and saw 3 of its levels.

You collected 85 gold pieces.

Inventory:

Hand Weapons
 a - a +2 dagger of venom (weapon)
 b - a +0 long sword
 g - a +1 dagger
Armour
 e - a +0 robe (worn)
 f - a +0 kite shield
Jewellery
 k - an amulet of magic regeneration (around neck)
Scrolls
 i - a scroll of identify {unknown}
 j - 2 scrolls of immolation {unknown}
Potions
 c - 2 potions of invisibility
 d - a potion of berserk rage {unknown}
 h - a potion of curing {unknown}


   Skills:
 * Level 1.3 Fighting
 + Level 1.6(2.1) Short Blades
 * Level 1.6(2.0) Long Blades
 + Level 0.8 Armour
 + Level 2.7 Dodging
 + Level 4.9 Stealth
 + Level 0.7 Shields
 + Level 2.1 Spellcasting
 * Level 5.3 Hexes
 + Level 0.6 Evocations


You had 2 spell levels left.
You knew the following spells:

 Your Spells              Type           Power      Damage    Failure   Level
a - Ensorcelled Hibernat  Hex/Ice        24%        N/A       9%          2
b - Confusing Touch       Hex            22%        N/A       5%          3

Your spell library contained the following spells:

 Spells                   Type           Power      Damage    Failure   Level
 Tukima's Dance           Hex            22%        N/A       5%          3
 Dazzling Flash           Conj/Hex       24%        N/A       17%         3
 Passwall                 Erth           2%         N/A       45%         3
 Swiftness                Air            2%         N/A       45%         3


Dungeon Overview and Level Annotations

Branches:
Dungeon (3/15)

Altars:
Dithmenos

Shops:
D:3 (


Innate Abilities, Weirdness & Mutations

You do not regenerate when monsters are visible.
You are frail without blood (-20% HP).
You can heal yourself when you bite living creatures.
You are immune to poison.
You have razor-sharp teeth.
You have supernaturally acute eyesight. (SInv)
You are afflicted with vampirism and can become a bat while bloodless.


Message History

Aim: a bullfrog (chance to affect: 45%)
The bullfrog looks drowsy...
Unknown command.
The helpless bullfrog fails to defend itself.
You bite the bullfrog, and draw its blood!
You feel better.
You impale the bullfrog!!
You kill the bullfrog!
Unknown command.
You start resting.
An orc comes into view. It is wielding a +0 whip.
An orc is nearby!
You start waiting.
An orc is nearby!
A ball python comes into view.
An orc comes into view. It is wielding a +0 hand axe.
The orc moves out of view.
A spectral kobold comes into view.
The orc shouts!
The orc wizard shouts!
You hear a shout!
You hear a loud squeak.
You hear a shout!
The orc wizard casts a spell at you.
You are confused.
The orc hits you with a +0 whip.
You are too confused!
You are too confused!
Unknown command.
Found a faded altar of an unknown god.
The orc hits you with a +0 whip. The orc misses you.
An orc wizard comes into view. It is wielding a +0 dagger.
The orc barely misses you. The orc closely misses you.
The ball python bites you. The ball python grabs you.
The ball python constricts you.
The orc wizard gestures at you while chanting.
The magic dart hits you.
* * * LOW HITPOINT WARNING * * *
The orc hits you with a +0 whip.
* * * LOW HITPOINT WARNING * * *
A jackal comes into view.
You escape the ball python's grasp.
The orc attacks as it pursues you! The orc hits you with a +0 whip.
You die...

#.#...# #...........#.
##....h........ .
#.............. ..
##............. ...#
##+#.....r........
....<#..#...#...#...##.
#....†.†..#.o...~~.~..
#.....<..##@S...o##~#
..............o..~~ß~#
........###......~#.o#
.(.....## ##..#..~~~~~~
....... ##.#.#.~~o~~
....... #...#.~#Z..
..?.... #...#..#_..
....... ..#...~# ~~
...##~


You could see an orc wizard, 2 orcs, a jackal (wandering), a ball python and a
rat.

Vanquished Creatures
  A bullfrog (D:3)
  4 adders (D:2)
  A ribbon worm (D:2)
  3 orcs
  6 bats
  4 endoplasms
  A giant cockroach (D:2)
  2 goblins
  A hobgoblin (D:1)
  A quokka (D:2)
  5 ball pythons
  3 frilled lizards
  2 kobolds
  6 rats
40 creatures vanquished.

Notes
Turn   | Place    | Note
-------+----------+-------------------------------------------
     0 | D:1      | tilp the Vampire Enchanter began the quest for the Orb.
     0 | D:1      | Reached XP level 1. HP: 13/13 MP: 3/3
   142 | D:1      | Reached XP level 2. HP: 16/16 MP: 5/5
   272 | D:1      | Reached skill level 1 in Long Blades
   377 | D:1      | Learned a level 2 spell: Ensorcelled Hibernation
   387 | D:2      | Found a shadowy altar of Dithmenos.
   697 | D:2      | Gained mutation: You are afflicted with vampirism and can
                  | become a bat while bloodless. [Vampire growth]
   697 | D:2      | Reached XP level 3. HP: 20/20 MP: 6/6
  1168 | D:2      | Learned a level 3 spell: Confusing Touch
  1190 | D:2      | Reached skill level 1 in Fighting
  1230 | D:3      | Found Daklutit's Antique Weapon Shop.
  1232 | D:3      | Noticed a scorpion
  1241 | D:2      | Reached skill level 5 in Hexes
  1241 | D:2      | Reached XP level 4. HP: 12/25 MP: 3/7
  1462 | D:3      | Noticed a bullfrog
  1470 | D:3      | Killed a bullfrog
  1497 | D:3      | Found a faded altar of an unknown god.
  1502 | D:3      | Slain by an orc

Illustrated notes

Levels and vault maps discovered:
D:1:      nagdon_arrival_zigzag_paths, layout_basic, serial_park_tiny_2,
          hangedman_abyss_or_decor_stabs
D:2:      layout_loops_corners, basic_altar, corner_web_ring
D:3:      layout_rooms, regret_index_temple_of_mockery, jmf_multi_god_temple2,
          dreamdust_ecumenical_altar_drowned_temple, serial_shops, shop,
          uniq_robin

Skill      XL: |  1  2  3 |
---------------+----------+-----
Long Blades    | 1 |  1.6
Fighting       | 1 |  1.3
Hexes          | 5 |  5.3
Short Blades   | |  1.6
Armour         | |  0.8
Dodging        | |  2.7
Stealth        | |  4.9
Shields        | |  0.7
Spellcasting   | |  2.1
Evocations     | |  0.6

Action                     |  1- 3 |  4- 6 || total
---------------------------+-------+-------++-------
  Melee: Dagger            |    59 |     8 ||    67
         Bite              |     2 |       ||     2
   Cast: Ensorcelled Hiber |     6 |     2 ||     8
Ability: Exsanguinate      |     1 |       ||     1
   Stab: Sleeping          |    22 |     2 ||    24
 Armour: Robe              |    27 |    13 ||    40
  Dodge: Dodged            |    41 |     5 ||    46

Table legend: (Time is in decaauts)
 A = Elapsed time spent in this place.
 B = Non-inter-level travel time spent in this place.
 C = Inter-level travel time spent in this place.
 D = Time resting spent in this place.
 E = Time spent auto-exploring this place.
 F = Levels seen in this place.
 G = Mean time per level.
                   A        B        C        D        E       F      G
               +--------+--------+--------+--------+--------+-----+--------+
         Total |   1496 |   1437 |     59 |    185 |    974 |   3 |  498.7 |
       Dungeon |   1496 |   1437 |     59 |    185 |    974 |   3 |  498.7 |
               +--------+--------+--------+--------+--------+-----+--------+

Top non-repeatable levels by time:
     D:2: 1062 daAuts
     D:1: 384 daAuts
     D:3: 49 daAuts
